 Dungeon Crawl Stone Soup version 0.31-a0-431-g88bdf31460 (webtiles) character file.

Game seed: 13036330657837625221

7191 lunkers the Skirmisher (level 11, -17/83 HPs)
             Began as a Meteoran Shapeshifter on July 31, 2023.
             Was a High Priest of Okawaru.
             Killed from afar by Erica (20 damage)
             ... with a bolt of poison
             ... on level 10 of the Dungeon.
             The game lasted 00:15:31 (4983 turns).

lunkers the Skirmisher (Meteoran Shapeshifter)      Turns: 4983, Time: 00:15:31

Health: -17/83     AC: 13    Str: 16    XL:     11   Next: 57%
Magic:  16/16      EV: 16    Int:  7    God:    Okawaru [*****.]
Gold:   1125       SH:  0    Dex: 30    Spells: 10/10 levels left

rFire   + . .        j - +7 longbow of the Grave {freeze, rF+ rC+++ Int-5 Dex+3}
rCold   + + +        (shield currently unavailable)
rNeg    . . .        D - +0 acid dragon scales
rPois   .            H - +2 helmet {Int+3}
rElec   .            (no cloak)
rCorr   +            (no gloves)
SInv    .            (no boots)
Will    +....        (no amulet)
Stlth   +            g - +4 ring of protection
HPRegen 0.33/turn    o - +6 ring of dexterity
MPRegen 0.15/turn

%: no passive effects
@: lethally poisoned (-17 -> -44), slowed, glowing, very slow
A: sense surroundings 2, otherworldly, glowing, explore regen
a: Renounce Religion, Heroism, Finesse, Duel


You were on level 10 of the Dungeon.
You worshipped Okawaru.
Okawaru was extremely pleased with you.
You visited 2 branches of the dungeon, and saw 11 of its levels.
You also visited: Ossuary.

You collected 1125 gold pieces.

Inventory:

Hand Weapons
 j - the +7 longbow of the Grave (weapon) {freeze, rF+ rC+++ Int-5 Dex+3}
   (You acquired it on level 4 of the Dungeon)

   Int:       It affects your intelligence (-5).
   Dex:       It affects your dexterity (+3).
   rF:        It protects you from fire.
   rC:        It renders you almost immune to cold.
Armour
 a - a +0 animal skin
 e - a +1 ring mail
 m - +0 acid dragon scales
 u - a +0 kite shield
 D - +0 acid dragon scales (worn)
 H - a +2 helmet of intelligence (worn)
Jewellery
 g - a +4 ring of protection (left hand)
 o - a +6 ring of dexterity (right hand)
 z - a ring of resist corrosion
 A - a ring of ice
 E - an amulet of faith
 G - an amulet of regeneration
Talismans
 c - a beast talisman
 d - a maw talisman
 J - a maw talisman
Wands
 x - a wand of paralysis (14)
Scrolls
 i - 7 scrolls of identify
 l - 2 scrolls of enchant weapon
 p - a scroll of amnesia
 t - 2 scrolls of enchant armour
 w - a scroll of fog
 y - 2 scrolls of torment {unknown}
 B - 2 scrolls of blinking {unknown}
 C - 2 scrolls of teleportation
 F - a scroll of revelation
Potions
 b - 2 potions of lignification
 f - a potion of ambrosia
 h - 5 potions of haste
 k - 3 potions of resistance
 n - a potion of curing
 q - 6 potions of cancellation
 r - a potion of magic
 s - 3 potions of brilliance
 v - a potion of berserk rage


   Skills:
 + Level 3.8 Fighting
 + Level 14.9 Ranged Weapons
 + Level 4.7 Dodging
 - Level 6.9 Unarmed Combat
 * Level 6.2 Invocations
 - Level 5.3 Shapeshifting


You had 10 spell levels left.
You didn't know any spells.
Your spell library contained the following spells:

 Spells                   Type           Power      Damage    Failure   Level
 Wereblood                Tmut           0%         N/A       67%         2
 Inner Flame              Hex/Fire       0%         N/A       88%         3
 Stone Arrow              Conj/Erth      0%         3d7       88%         3
 Flame Wave               Conj/Fire      0%         2d4       99%         4
 Sticky Flame             Conj/Fire      0%         2d3       99%         4
 Irradiate                Conj/Tmut      0%         3d11      100%        5
 Lehudib's Crystal Spear  Conj/Erth      0%         10d2      100%        8
 Animate Armour           Summ/Erth      Unusable   N/A       N/A         4

Dungeon Overview and Level Annotations

Branches:
Dungeon (10/15) Zot: 1406  Temple (1/1) D:5 Zot: 530 Ossuary (visited)
   Lair: D:8-11         Orc: D:9-12

Altars:
Ashenzari
Cheibriados
Dithmenos
Fedhas
Hepliaklqana
Kikubaaqudgha
Makhleb
Nemelex Xobeh
Okawaru
Sif Muna
Trog
Uskayaw
Vehumet
Wu Jian
Xom
Yredelemnul

Annotations:
D:7 1 transporter
D:8 2 runed translucent doors
D:10 Erica


Innate Abilities, Weirdness & Mutations

You passively map the area around you.
You are easily found by Zot.
You glow in the dark.
You regain HP and MP as you explore.


Message History

Press: ? - help, Q - select action, (/) - cycle Shift-Dir - straight line, f/p - yak
Aim: a yak (lightly wounded, 82% to hit)
You shoot an arrow. The arrow hits the yak!!
The arrow freezes the yak.
The yak is almost dead.
You feel very sick. Something hits you.
* * * LOW HITPOINT WARNING * * *
The orc wizard gestures at you while chanting.
The puff of flame hits something!
Unknown command.
Fire: j) +7 longbow of the Grave {freeze, rF+ rC+++ Int-5 Dex+3}
Press: ? - help, Q - select action, (/) - cycle Shift-Dir - straight line, f/p - yak
Aim: a yak (almost dead, 82% to hit)
You shoot an arrow. The arrow hits the yak!!
The arrow freezes the yak.
You kill the yak!
Okawaru accepts your kill.
* * * LOW HITPOINT WARNING * * *
You feel very sick.
You hear some strange, mumbled words.
You are confused.
Something barely misses you.
Unknown command.
You are too confused!
You feel better.
You hear some strange, mumbled words.
A bolt of poison appears from out of thin air!
The bolt of poison hits you!
You are poisoned.
* * * LOW HITPOINT WARNING * * *
You hear a shout!
As you read the scroll of fear, it crumbles to dust.
You assume a fearsome visage.
The orc wizard looks frightened!
The orc looks frightened!
* * * LOW HITPOINT WARNING * * *
You feel very sick.
You hear some strange, mumbled words.
A bolt of poison appears from out of thin air!
The bolt of poison hits you!!
You are more poisoned.
You die...

,,, * , ,, ,,, .# *
* * ,, , ** .### ,
,, ,, * ##..u, , , *
* , ##...# ., * * ,
, * , ).#.####.. , *
,,##### * #/>.......
* ,**
.....####o.##..... *
, * .....>.@{o...†#*
, , , , ,
.......###.#### ,,,
***..............# ,
,
*###.#..#..###.....,
* * #,##..#...####..
, ,,, , ##.#.#....#
# ** ., ##.#.####.#
. , >..####
##....####.# . *
*#.....##..#.......#
,


You could see an orc wizard (fleeing) and an orc (fleeing).

Vanquished Creatures
  A hydra (D:9)
  A two-headed ogre (D:9)
  An ugly thing (D:10)
  Joseph (D:9)
  Maggie (D:7)
  A troll (D:9)
  A wyvern (D:10)
  Eustachio (D:4)
  A wraith (Ossuary)
  8 yaks
  A steam dragon (D:9)
  2 acid dragons (D:9)
  Duvessa (D:5)
  2 water moccasins
  3 ice beasts
  An orc warrior (D:7)
  3 centaurs
  Blork the orc (D:5)
  2 kobold brigands
  A bullfrog (D:6)
  2 scorpions
  3 wights (D:9)
  Dowan (D:5)
  8 killer bees
  3 howler monkeys
  5 jellies
  A human zombie (Ossuary)
  2 orc priests
  Ijyb (D:5)
  3 hounds
  A sleepcap (D:5)
  3 iguanas
  3 orc wizards
  3 mummies (Ossuary)
  4 gnolls (D:5)
  12 adders
  A white imp (D:8)
  2 ufetubi
  6 dart slugs
  25 orcs
  7 endoplasms
  3 giant cockroaches
  9 goblins
  9 hobgoblins
  A quokka (D:3)
  3 ball pythons
  6 bats
  A frilled lizard (D:1)
  A gnoll zombie (Ossuary)
  5 goblin zombies
  3 hobgoblin zombies (Ossuary)
  17 kobolds
  3 kobold zombies (Ossuary)
  7 rats
  A spectral orc (D:4)
199 creatures vanquished.

Notes
Turn   | Place    | Note
-------+----------+-------------------------------------------
     0 | D:1      | lunkers the Meteoran Shapeshifter began the quest for the
                  | Orb.
     0 | D:1      | Reached XP level 1. HP: 16/16 MP: 2/2
   152 | D:1      | Reached XP level 2. HP: 16/23 MP: 3/3
   234 | D:1      | Reached XP level 3. HP: 28/28 MP: 4/4
   504 | D:1      | Glimpsed the power of Zot.
   545 | D:2      | Reached skill level 5 in Unarmed Combat
   597 | D:2      | Reached XP level 4. HP: 24/35 MP: 5/5
   726 | D:2      | Found a faded altar of an unknown god.
   957 | D:3      | Reached XP level 5. HP: 40/40 MP: 6/6
  1210 | D:4      | Noticed Eustachio
  1228 | D:4      | Killed Eustachio
  1229 | D:4      | Reached skill level 5 in Shapeshifting
  1229 | D:4      | Reached XP level 6. HP: 37/47 MP: 7/7
  1326 | D:4      | Identified 2 scrolls of acquirement
  1328 | D:4      | Acquired the +7 longbow of the Grave {freeze, rF+ rC+++
                  | Int-5 Dex+3}
  1502 | D:4      | Acquired 759 gold pieces
  1506 | D:4      | Reached skill level 1 in Ranged Weapons
  1506 | D:4      | Reached XP level 7. HP: 52/52 MP: 8/8
  1948 | D:4      | Found a basalt altar of Yredelemnul.
  1972 | D:5      | Entered Level 5 of the Dungeon
  1991 | D:5      | Reached skill level 2 in Ranged Weapons
  2001 | D:5      | Found a sand-covered staircase.
  2007 | D:5      | Reached skill level 3 in Ranged Weapons
  2014 | Ossuary  | Entered an ossuary
  2014 | Ossuary  | Noticed a wraith
  2014 | Ossuary  | Noticed a wraith
  2014 | Ossuary  | Noticed a wraith
  2333 | Ossuary  | Noticed a wraith
  2336 | Ossuary  | Killed a wraith
  2337 | Ossuary  | Reached skill level 5 in Ranged Weapons
  2337 | Ossuary  | Reached XP level 8. HP: 49/59 MP: 9/9
  2452 | D:5      | Noticed Blork the orc
  2456 | D:5      | Killed Blork the orc
  2524 | D:5      | Reached skill level 6 in Ranged Weapons
  2540 | D:5      | Found a staircase to the Ecumenical Temple.
  2618 | D:5      | Noticed Ijyb
  2620 | D:5      | Killed Ijyb
  2677 | Temple   | Entered the Ecumenical Temple
  2718 | Temple   | Became a worshipper of Warmaster Okawaru
  2813 | D:5      | Noticed Duvessa
  2814 | D:5      | Noticed Dowan
  2815 | D:5      | Killed Duvessa
  2816 | D:5      | Reached skill level 7 in Ranged Weapons
  2817 | D:5      | Killed Dowan
  2957 | D:5      | Found an ancient bone altar of Kikubaaqudgha.
  2975 | D:5      | Reached skill level 8 in Ranged Weapons
  2979 | D:5      | Gained mutation: You passively map the area around you.
                  | [Meteoran growth]
  2979 | D:5      | Reached XP level 9. HP: 64/64 MP: 10/10
  3528 | D:6      | Reached * piety under Okawaru
  3529 | D:6      | Reached skill level 9 in Ranged Weapons
  3752 | D:7      | Reached skill level 10 in Ranged Weapons
  3767 | D:7      | Found a transporter.
  3812 | D:7      | Noticed Maggie
  3817 | D:7      | Killed Maggie
  3817 | D:7      | Reached ** piety under Okawaru
  3818 | D:7      | Reached skill level 11 in Ranged Weapons
  3872 | D:7      | Reached XP level 10. HP: 69/71 MP: 11/11
  3933 | D:7      | You fall into a shaft and drop 1 floor!
  3964 | D:8      | Reached skill level 12 in Ranged Weapons
  4208 | D:8      | Found a large runed translucent door.
  4209 | D:8      | Found a large runed translucent door.
  4394 | D:8      | Found a blossoming altar of Fedhas.
  4401 | D:8      | Found a hazy altar of Hepliaklqana.
  4406 | D:8      | Found a burning altar of Makhleb.
  4544 | D:9      | Noticed Joseph
  4550 | D:9      | Killed Joseph
  4550 | D:9      | Reached *** piety under Okawaru
  4551 | D:9      | Reached skill level 13 in Ranged Weapons
  4583 | D:9      | HP: 1/71 [kobold brigand/+0 dagger (5)]
  4609 | D:9      | Found a transporter.
  4658 | D:9      | Noticed an eight-headed hydra
  4663 | D:9      | Killed an eight-headed hydra
  4664 | D:9      | Reached skill level 14 in Ranged Weapons
  4681 | D:9      | Found a transporter.
  4774 | D:9      | Reached XP level 11. HP: 77/77 MP: 12/12
  4778 | D:9      | Noticed a two-headed ogre
  4781 | D:9      | Killed a two-headed ogre
  4781 | D:9      | Reached **** piety under Okawaru
  4781 | D:9      | Received a gift from Okawaru
  4861 | D:10     | Entered Level 10 of the Dungeon
  4885 | D:10     | Reached skill level 5 in Invocations
  4959 | D:10     | Noticed Erica
  4961 | D:10     | Noticed a purple ugly thing
  4969 | D:10     | Reached ***** piety under Okawaru
  4974 | D:10     | Killed a purple ugly thing
  4983 | D:10     | HP: 3/83 [poisoned by Erica (bolt of poison)]
  4983 | D:10     | Killed from afar by Erica

Illustrated notes

Levels and vault maps discovered:
D:1:      lemuel_arrival_tunnels, layout_rooms, minmay_three_crescents
D:2:      layout_loops_ring, shapermc_ecumenical_altar_gd, nicolae_hexahallways
D:3:      layout_basic, nicolae_ru_the_path_less_chosen
D:4:      layout_basic, yredelemnul_forgotten_temple_becter,
          nicolae_eternal_life, hangedman_decor_riveting,
          grunt_decor_resistance, uniq_eustachio
D:5:      layout_basic, lemuel_tele_altar, minmay_temple_entry_tees,
          enter_ossuary_4, serial_bayou_crossing, uniq_ijyb, uniq_blork_the_orc,
          uniq_duvessa
D:6:      minmay_inner_zag, layout_gridville, guppyfry_shop_venom
D:7:      layout_cave_pools, gammafunk_ghost_nasty_kobolds, serial_shops,
          nicolae_shop_drivethru, lightli_corner_chamber, uniq_pikel,
          uniq_maggie
D:8:      layout_loops_ring, jmf_multi_god_temple2,
          minmay_overflow_temple_star_quad
D:9:      gammafunk_cloud_chamber, layout_gridville, uniq_joseph
D:10:     layout_rooms, dreamdust_divine_triumvirate, uniq_erica
Temple:   grunt_temple_mini_profane

Skill      XL: |  1  2  3  4  5  6  7  8  9 10 11 |
---------------+----------------------------------+-----
Unarmed Combat | 4 5 6 |  6.9
Shapeshifting  | 4 5 |  5.3
Ranged Weapons | 1 5 8 11 14 | 14.9
Fighting       | 3 |  3.8
Dodging        | 4 |  4.7
Invocations    | 6 |  6.2

Action                     |  1- 3 |  4- 6 |  7- 9 | 10-12 || total
---------------------------+-------+-------+-------+-------++-------
  Melee: Unarmed           |    68 |   120 |       |       ||   188
         Punch             |     2 |     4 |       |       ||     6
   Fire: Longbow           |       |     3 |   132 |   128 ||   263
Ability: Begin Untransform |       |       |       |     1 ||     1
    Use: Scroll            |     5 |    11 |     6 |     1 ||    23
         Potion            |       |     1 |       |     4 ||     5
 Armour: Animal skin       |    16 |       |       |       ||    16
         Ring mail         |    11 |    54 |    24 |       ||    89
         Skin              |       |    19 |       |       ||    19
         Acid dragon scale |       |       |     1 |    23 ||    24
  Dodge: Dodged            |    39 |    64 |    35 |    27 ||   165

Table legend: (Time is in decaauts)
 A = Elapsed time spent in this place.
 B = Non-inter-level travel time spent in this place.
 C = Inter-level travel time spent in this place.
 D = Time resting spent in this place.
 E = Time spent auto-exploring this place.
 F = Levels seen in this place.
 G = Mean time per level.
                   A        B        C        D        E       F      G
               +--------+--------+--------+--------+--------+-----+--------+
         Total |   5053 |   4784 |    269 |     22 |   3292 |  12 |  421.1 |
       Dungeon |   4592 |   4351 |    241 |     22 |   2999 |  10 |  459.2 |
        Temple |     69 |     41 |     28 |      0 |      0 |   1 |   69.0 |
       Ossuary |    391 |    391 |      0 |      0 |    293 |   1 |  391.0 |
               +--------+--------+--------+--------+--------+-----+--------+

Top non-repeatable levels by time:
     D:5: 925 daAuts
     D:4: 769 daAuts
     D:8: 573 daAuts
     D:1: 509 daAuts
     D:6: 436 daAuts
 Ossuary: 391 daAuts
     D:9: 358 daAuts
     D:2: 347 daAuts
     D:3: 334 daAuts
     D:7: 206 daAuts
    D:10: 131 daAuts
  Temple: 69 daAuts
